 Dungeon Crawl Stone Soup version 0.16-a0-3994-gbbee317 (webtiles) character file.

243 BluebellGnoll the Chopper (level 5, 30/46 HPs)
             Began as a Deep Dwarf Artificer on Feb 6, 2015.
             Quit the game on level 4 of the Dungeon on Feb 13, 2015.
             The game lasted 00:16:09 (2794 turns).

BluebellGnoll the Chopper (Deep Dwarf Artificer)    Turns: 2794, Time: 00:16:09

Health: 30/46      AC: 11    Str: 16    XL:     5   Next: 82%
Magic:  7/7        EV:  7    Int: 12    God:
Gold:   145        SH:  7    Dex: 13    Spells: 0 memorised, 4 levels left

rFire  . . .     SeeInvis .     r - -1 hand axe
rCold  . . .     Clarity  .     q - +0 scale mail
rNeg   . . .     SustAb   .     v - +0 shield
rPois  .         Gourm    .     y - +1 helmet
rElec  .         Spirit   .     l - +0 cloak
rCorr  .         Warding  .     w - +0 pair of gloves
rMut   .         Stasis   .     (no boots)
MR     .....                    (no amulet)
Stlth  ..........               (no ring)
                                (no ring)

@: non-regenerating, not resistant to hostile enchantments, extremely unstealthy
A: damage resistance, recharge devices, sense surroundings 1, slow healing 3
a: Device Recharging


You were on level 4 of the Dungeon.
You were not hungry.

You visited 1 branch of the dungeon, and saw 4 of its levels.

You collected 145 gold pieces.

Inventory:

Hand weapons
 r - a -1 hand axe (weapon)
 B - a +0 hunting sling
Missiles
 a - 12 bolts
 e - 29 sling bullets
 h - 9 poisoned needles
 i - 93 stones (quivered)
 s - 12 sling bullets of frost
Armour
 l - a +0 cloak (worn)
 n - a +0 plate armour
 q - a +0 scale mail (worn)
 v - a +0 shield (worn)
 w - a +0 pair of gloves (worn)
 y - a +1 helmet (worn)
Magical devices
 b - a wand of flame (0)
 c - a wand of enslavement (15)
 d - a wand of random effects (14)
 f - a wand of heal wounds (4)
Scrolls
 j - 2 scrolls of remove curse
 A - a scroll of identify
Potions
 k - 2 potions of curing
 m - a potion of degeneration {unknown}
 o - a potion of cancellation
 p - a potion of ambrosia
 t - a potion of resistance {unknown}
 x - a potion of magic {unknown}
 z - a potion of brilliance
Comestibles
 g - 2 bread rations
 u - a beef jerky


   Skills:
 - Level 2.4 Fighting
   Level 0.8 Short Blades
 - Level 4.3 Axes
 + Level 3.1 Armour
 - Level 2.1 Dodging
 - Level 1.2 Stealth
 - Level 4.0 Evocations


You had 4 spell levels left.
You didn't know any spells.

Dungeon Overview and Level Annotations

Branches:
Dungeon (4/15)
 Temple: D:4-7

Altars:
Ashenzari
Elyvilon
Qazlal
Ru
Vehumet
Xom
The Shining One

Annotations:
D:4 smajdalf's ghost, average OgHu


Innate Abilities, Weirdness & Mutations

You are resistant to damage.
You can recharge devices by infusing magical energy.
You passively map a small area around you.
You do not heal naturally.


Message History

You destroy the bat skeleton!
No target in view!
Found a radiant altar of Vehumet.
You now have 145 gold pieces (gained 18).
You see here a robe.
All of the chunks of flesh in your inventory have rotted away.
You see here a shield.
v - a shield Wear which item? (? for menu, Esc to quit)
You start putting on your armour.
You continue putting on your shield.
You continue putting on your shield. x3
You finish putting on your +0 shield.
You hear the slow rusting of a distant drain.
A hobgoblin comes into view.
The hobgoblin shouts!
Found a scroll of remove curse.
Smajdalf's ghost (average Ogre Hunter) comes into view.
Drink which item? (? for menu, Esc to quit)
Okay, then.
Are you sure you want to abandon this character and quit the game? (Confirm with "yes".)

#..####.####.### *
#..##.....##...# #
#..#.......#.#.##.
#..#.......#......
##....._..........
#.#.......#..[...
##.#.......#......
#..##.....##......
#@.# ##.####...... *
#................. ,
.....$............ ,
.?.......#........#
*
..........W..##.#...
,............#.
#..#.. ....g.......
#, ##.##. ,
..?...... , #.*##
... *#. #


You could see smajdalf's ghost (wandering) and a hobgoblin.

Vanquished Creatures
  Sigmund (D:2)
  An iguana (D:3)
  Robin (D:3)
  5 adders
  A giant mite (D:2)
  2 worms (D:2)
  3 orcs
  A bat skeleton (D:4)
  4 hobgoblins
  5 jackals
  9 kobolds
  A quokka (D:3)
  2 ball pythons (D:1)
  7 bats
  3 giant cockroaches
  A giant gecko (D:3)
  2 giant newts
  11 goblins
  14 rats
74 creatures vanquished.

Vanquished Creatures (collateral kills)
  3 goblins (D:3)
3 creatures vanquished.

Vanquished Creatures (others)
  A goblin (D:3)
  A jackal (D:2)
2 creatures vanquished.

Grand Total: 79 creatures vanquished

Notes
Turn   | Place    | Note
--------------------------------------------------------------
     0 | D:1      | BluebellGnoll, the Deep Dwarf Artificer, began the quest for the Orb.
     0 | D:1      | Reached XP level 1. HP: 16/16 MP: 1/1
    38 | D:1      | Reached skill level 1 in Fighting
   211 | D:1      | Reached XP level 2. HP: 16/26 MP: 3/3
   980 | D:2      | Found a sacrificial altar of Ru.
   982 | D:2      | Reached skill level 1 in Axes
   982 | D:2      | Reached XP level 3. HP: 19/33 MP: 5/5
  1134 | D:2      | Found a shattered altar of Ashenzari.
  1271 | D:2      | Found a white marble altar of Elyvilon.
  1344 | D:2      | Found a shimmering altar of Xom.
  1344 | D:2      | Found a stormy altar of Qazlal.
  1533 | D:2      | Noticed Sigmund
  1535 | D:2      | Killed Sigmund
  1535 | D:2      | Reached XP level 4. HP: 25/40 MP: 6/6
  1598 | D:2      | Reached XP level 5. HP: 23/46 MP: 8/8
  2065 | D:3      | Reached skill level 1 in Armour
  2319 | D:3      | Noticed Robin
  2325 | D:3      | Upgraded the game from 0.16-a0-3939-g9a3e665 to 0.16-a0-3994-gbbee317
  2333 | D:3      | Killed Robin
  2367 | D:3      | Found a glowing golden altar of the Shining One.
  2760 | D:4      | Found a radiant altar of Vehumet.
  2794 | D:4      | Noticed smajdalf's ghost (average OgHu)
  2794 | D:4      | Quit the game

Action                   |  1- 3 |  4- 6 || total
-------------------------+-------+-------++-------
Melee: Short sword       |    25 |       ||    25
       Mace              |    15 |       ||    15
       Hand axe          |    44 |   149 ||   193
 Fire: Hunting sling     |       |    12 ||    12
Throw: Stone             |     5 |    60 ||    65
 Abil: Device Recharging |       |     1 ||     1
Evoke: Wand              |    28 |    10 ||    38
  Use: Scroll            |     5 |     2 ||     7
       Potion            |     1 |       ||     1
  Eat: Chunk             |     2 |     4 ||     6
